PAAA
FLORIDA MEN @ ATHLETIC CLUB KC RESERVES
08/02/2022
 
TOP OF THE 1ST
Florida Men batting - Pitching for Athletic Club KC Reserves : RHP Norris Howard
Pitching: RHP Norris Howard
Batting: RHB Albert Morales 0-0: Ball
1-0: Fly out, F5 (Popup, 5)
Batting: RHB Won-min Yi 0-0: Ball
1-0: SINGLE (Line Drive, 4D)
Batting: RHB Carlos Rodríguez 0-0: Called Strike
0-1: Ball
1-1: Fly out, F9 (Flyball, 9LD)
Batting: RHB Jim Unknown 0-0: Ball
1-0: Fly out, F7 (Flyball, 7M)
Top of the 1st over - 0 run(s), 1 hit(s), 0 error(s), 1 left on base; Florida 0 - Athletic Club KC 0
BOTTOM OF THE 1ST
Athletic Club KC Reserves batting - Pitching for Florida Men : RHP Jim Unknown
Pitching: RHP Jim Unknown
Batting: LHB Matt Hartnett 0-0: Fly out, F6 (Popup, 6M)
Batting: RHB Glenn Woods 0-0: Fly out, F9 (Flyball, 9S)
Batting: RHB Adam Hennessey 0-0: Ball
1-0: Called Strike
1-1: Ball
2-1: SINGLE (Groundball, 4D) (infield hit)
Batting: SHB Pedro Vázquez 0-0: Fly out, F7 (Flyball, 78S)
Bottom of the 1st over - 0 run(s), 1 hit(s), 0 error(s), 1 left on base; Florida 0 - Athletic Club KC 0
TOP OF THE 2ND
Florida Men batting - Pitching for Athletic Club KC Reserves : RHP Norris Howard
Batting: RHB Frank Collins 0-0: Called Strike
0-1: Called Strike
0-2: Fly out, F9 (Flyball, 89M)
Batting: LHB Jim Unknown 0-0: Fly out, F9 (Line Drive, 9M)
Batting: LHB Mito Rin 0-0: Fly out, F5 (Popup, 25)
Top of the 2nd over - 0 run(s), 0 hit(s), 0 error(s), 0 left on base; Florida 0 - Athletic Club KC 0
BOTTOM OF THE 2ND
Athletic Club KC Reserves batting - Pitching for Florida Men : RHP Jim Unknown
Batting: RHB Bill Dennis 0-0: Swinging Strike
0-1: Called Strike
0-2: Foul Ball, location: 2F
0-2: Ball
1-2: Strikes out swinging
Batting: RHB Joe Guy 0-0: Ball
1-0: Foul Ball, location: 2F
1-1: Called Strike
1-2: Strikes out swinging
Batting: RHB Robert Hill 0-0: Swinging Strike
0-1: Ground out 6-3 (Groundball, 6M)
Bottom of the 2nd over - 0 run(s), 0 hit(s), 0 error(s), 0 left on base; Florida 0 - Athletic Club KC 0
TOP OF THE 3RD
Florida Men batting - Pitching for Athletic Club KC Reserves : RHP Norris Howard
Batting: RHB Dave Knight 0-0: Foul Ball, location: 2F
0-1: Foul Ball, location: 2F
0-2: SINGLE (Groundball, 3L)
Batting: RHB Seon-keun Kim 0-0: Ball
1-0: Called Strike
1-1: Foul Ball, location: 2F
1-2: Strikes out swinging
Batting: RHB Albert Morales 0-0: Ball
1-0: Called Strike
1-1: Foul Ball, location: 2F
1-2: Ball
2-2: Grounds into double play, U6-3 (Groundball, 6M)
Top of the 3rd over - 0 run(s), 1 hit(s), 0 error(s), 0 left on base; Florida 0 - Athletic Club KC 0
BOTTOM OF THE 3RD
Athletic Club KC Reserves batting - Pitching for Florida Men : RHP Jim Unknown
Batting: RHB Máximo Padilla 0-0: Ball
1-0: Ball
2-0: Fly out, F3 (Popup, 3F)
Batting: LHB Eduardo López 0-0: Swinging Strike
0-1: Fly out, F6 (Line Drive, 6M)
Batting: LHB Matt Hartnett 0-0: Ball
1-0: Ball
2-0: Ball
3-0: Called Strike
3-1: Base on Balls
Batting: RHB Glenn Woods 0-0: Ball
1-0: Ball
2-0: Called Strike
2-1: SINGLE (Groundball, 6D)
Matt Hartnett to second
Batting: RHB Adam Hennessey 0-0: Called Strike
0-1: Ball
1-1: Fly out, F9 (Flyball, 9D)
Bottom of the 3rd over - 0 run(s), 1 hit(s), 0 error(s), 2 left on base; Florida 0 - Athletic Club KC 0
TOP OF THE 4TH
Florida Men batting - Pitching for Athletic Club KC Reserves : RHP Norris Howard
Batting: RHB Won-min Yi 0-0: SINGLE (Groundball, 5D)
Batting: RHB Carlos Rodríguez 0-0: Ball
1-0: Called Strike
1-1: Swinging Strike
1-2: Ball
2-2: Foul Ball, location: 2F
2-2: Ball
3-2: Grounds into double play, 4-6-3 (Groundball, 34)
Batting: RHB Jim Unknown 0-0: Ball
1-0: Foul Ball, location: 2F
1-1: Foul Ball, location: 2F
1-2: Foul Ball, location: 2F
1-2: Ball
2-2: Ball
3-2: Base on Balls
Pitching: RHP John Caunce
Batting: RHB Frank Collins 0-0: Ball
1-0: Fielders Choice at 2nd, U6 (Groundball, 6M)
Top of the 4th over - 0 run(s), 1 hit(s), 0 error(s), 1 left on base; Florida 0 - Athletic Club KC 0
BOTTOM OF THE 4TH
Athletic Club KC Reserves batting - Pitching for Florida Men : RHP Jim Unknown
Batting: SHB Pedro Vázquez 0-0: Ball
1-0: Ball
2-0: Ball
3-0: Called Strike
3-1: SOLO HOME RUN (Flyball, 89XD), Distance : 385 ft
Batting: RHB Bill Dennis 0-0: Ball
1-0: SINGLE (Groundball, 56D)
Batting: RHB Joe Guy 0-0: Ball
1-0: Foul Ball, location: 2F
1-1: Fielders Choice at 2nd, 1-6 (Groundball, 13)
Batting: RHB Robert Hill 0-0: Called Strike
0-1: Foul Ball, location: 2F
0-2: Grounds into double play, 5-4-3 (Groundball, 5)
Bottom of the 4th over - 1 run(s), 2 hit(s), 0 error(s), 0 left on base; Florida 0 - Athletic Club KC 1
TOP OF THE 5TH
Florida Men batting - Pitching for Athletic Club KC Reserves : RHP John Caunce
Batting: LHB Jim Unknown 0-0: Swinging Strike
0-1: Fly out, F7 (Flyball, 78D)
Batting: LHB Mito Rin 0-0: Ball
1-0: Ball
2-0: Fly out, F6 (Line Drive, 6)
Batting: RHB Dave Knight 0-0: Called Strike
0-1: Ball
1-1: Swinging Strike
1-2: Ball
2-2: Ball
3-2: Foul Ball, location: 2F
3-2: Base on Balls
Batting: RHB Seon-keun Kim 0-0: Swinging Strike
0-1: Foul Ball, location: 2F
0-2: Strikes out swinging
Top of the 5th over - 0 run(s), 0 hit(s), 0 error(s), 1 left on base; Florida 0 - Athletic Club KC 1
BOTTOM OF THE 5TH
Athletic Club KC Reserves batting - Pitching for Florida Men : RHP Jim Unknown
Batting: RHB Máximo Padilla 0-0: Swinging Strike
0-1: Foul Ball, location: 2F
0-2: Ball
1-2: SINGLE (Groundball, 23) (infield hit)
Batting: LHB Eduardo López 0-0: Bunted foul
0-1: Sac Bunt - play at first, batter OUT! 3-4
Máximo Padilla to second
Batting: LHB Matt Hartnett 0-0: Ball
1-0: SINGLE (Line Drive, 6MD)
Máximo Padilla to third
Batting: RHB Glenn Woods 0-0: Ball
1-0: Swinging Strike
1-1: Ball
2-1: Foul Ball, location: 2F
2-2: Fly out, F9 (Flyball, 9M)
Batting: RHB Adam Hennessey 0-0: Ball
1-0: SINGLE (Groundball, 25) (infield hit)
Máximo Padilla scores
Matt Hartnett to second
Batting: SHB Pedro Vázquez 0-0: Ground out 2-3 (Groundball, 25)
Bottom of the 5th over - 1 run(s), 3 hit(s), 0 error(s), 2 left on base; Florida 0 - Athletic Club KC 2
TOP OF THE 6TH
Florida Men batting - Pitching for Athletic Club KC Reserves : RHP John Caunce
Batting: RHB Albert Morales 0-0: Ball
1-0: Foul Ball, location: 2F
1-1: Foul Ball, location: 2F
1-2: Ball
2-2: Ball
3-2: Foul Ball, location: 2F
3-2: Ground out 4-3 (Groundball, 4)
Batting: RHB Won-min Yi 0-0: Called Strike
0-1: SINGLE (Line Drive, 4D)
Batting: RHB Carlos Rodríguez 0-0: Ball
1-0: Called Strike
1-1: Swinging Strike
1-2: Foul Ball, location: 2F
1-2: Ball
2-2: Strikes out swinging
Batting: RHB Jim Unknown 0-0: Ball
1-0: Ball
2-0: Fly out, F2 (Popup, 2LF)
Top of the 6th over - 0 run(s), 1 hit(s), 0 error(s), 1 left on base; Florida 0 - Athletic Club KC 2
BOTTOM OF THE 6TH
Athletic Club KC Reserves batting - Pitching for Florida Men : RHP Jim Unknown
Batting: RHB Bill Dennis 0-0: Ball
1-0: Ball
2-0: Called Strike
2-1: Ball
3-1: Foul Ball, location: 2F
3-2: Fly out, F4 (Popup, 4)
Batting: RHB Joe Guy 0-0: Ball
1-0: Ball
2-0: Ball
3-0: Called Strike
3-1: Called Strike
3-2: Strikes out swinging
Batting: RHB Robert Hill 0-0: Called Strike
0-1: Ball
1-1: Ball
2-1: Ground out 5-3 (Groundball, 56)
Bottom of the 6th over - 0 run(s), 0 hit(s), 0 error(s), 0 left on base; Florida 0 - Athletic Club KC 2
TOP OF THE 7TH
Florida Men batting - Pitching for Athletic Club KC Reserves : RHP John Caunce
Batting: RHB Frank Collins 0-0: Ball
1-0: SINGLE (Groundball, 6M)
Batting: LHB Jim Unknown 0-0: Sac Bunt - play at second, runner OUT! 2-6
Batting: LHB Mito Rin 0-0: Swinging Strike
0-1: Grounds into double play, U4-3 (Groundball, 4)
Top of the 7th over - 0 run(s), 1 hit(s), 0 error(s), 0 left on base; Florida 0 - Athletic Club KC 2
BOTTOM OF THE 7TH
Athletic Club KC Reserves batting - Pitching for Florida Men : RHP Jim Unknown
Batting: RHB Máximo Padilla 0-0: Ball
1-0: Ball
2-0: Foul Ball, location: 2F
2-1: Ball
3-1: Swinging Strike
3-2: Fly out, F6 (Line Drive, 6)
Batting: LHB Eduardo López 0-0: Foul Ball, location: 2F
0-1: Ball
1-1: Called Strike
1-2: Strikes out looking
Batting: LHB Matt Hartnett 0-0: Ball
1-0: Ball
2-0: Called Strike
2-1: Fly out, F6 (Popup, 6MD)
Bottom of the 7th over - 0 run(s), 0 hit(s), 0 error(s), 0 left on base; Florida 0 - Athletic Club KC 2
TOP OF THE 8TH
Florida Men batting - Pitching for Athletic Club KC Reserves : RHP John Caunce
Batting: RHB Dave Knight 0-0: SINGLE (Groundball, 56)
Pitching: RHP Artie Beardsall
Batting: RHB Seon-keun Kim 0-0: Fly out, F6 (Popup, 6)
Batting: RHB Albert Morales 0-0: Called Strike
0-1: SINGLE (Groundball, 6MD)
Dave Knight to second
Batting: RHB Won-min Yi 0-0: Grounds into double play, U4-3 (Groundball, 4M)
Top of the 8th over - 0 run(s), 2 hit(s), 0 error(s), 1 left on base; Florida 0 - Athletic Club KC 2
BOTTOM OF THE 8TH
Athletic Club KC Reserves batting - Pitching for Florida Men : RHP Jim Unknown
Batting: RHB Glenn Woods 0-0: Ball
1-0: Ball
2-0: Foul Ball, location: 2F
2-1: SINGLE (Line Drive, 3S)
Batting: RHB Adam Hennessey 0-0: Foul Ball, location: 2F
0-1: Ball
1-1: Fly out, F8 (Flyball, 8LM)
Batting: SHB Pedro Vázquez 0-0: Ball
1-0: Foul Ball, location: 2F
1-1: Swinging Strike
1-2: SINGLE (Groundball, 4MD)
Glenn Woods to second
Runner from 2nd tries for 3rd, SAFE, no throw or cutoff
Batting: RHB Bill Dennis 0-0: Ground out 5-3 (Groundball, 15S)
Glenn Woods scores
Pedro Vázquez to second
Batting: RHB Joe Guy 0-0: Ball
Passed Ball!
Pedro Vázquez to third
1-0: Ball
2-0: Called Strike
2-1: Ball
3-1: DOUBLE (Flyball, 89D)
Pedro Vázquez scores
Batting: RHB Robert Hill 0-0: Ground out 6-3 (Groundball, 6)
Bottom of the 8th over - 2 run(s), 3 hit(s), 0 error(s), 1 left on base; Florida 0 - Athletic Club KC 4
TOP OF THE 9TH
Florida Men batting - Pitching for Athletic Club KC Reserves : RHP Artie Beardsall
Batting: RHB Carlos Rodríguez 0-0: Swinging Strike
0-1: Ground out 6-3 (Groundball, 6M)
Batting: RHB Jim Unknown 0-0: Foul Ball, location: 2F
0-1: Ball
1-1: Ball
2-1: Ball
3-1: Fly out, F8 (Flyball, 8LM)
Batting: RHB Frank Collins 0-0: Ground out 4-3 (Groundball, 4)
Top of the 9th over - 0 run(s), 0 hit(s), 0 error(s), 0 left on base; Florida 0 - Athletic Club KC 4
This league is powered by Out of the Park Baseball, the baseball management simulation game for PC, Mac and Linux
Friday, April 15th, 2016 - OOTP Baseball 16.9 Build 39